 Dungeon Crawl Stone Soup version 0.26-a0-540-g8a0c9464d7 (webtiles) character file.

Game seed: 17700218853021029986

669 Inarius the Chopper (level 7, -4/57 HPs)
             Began as a Ghoul Gladiator on Aug 23, 2020.
             Slain by an ogre
             ... wielding a +0 giant spiked club
              (18 damage)
             ... on level 5 of the Dungeon.
             The game lasted 00:05:28 (4342 turns).

Inarius the Chopper (Ghoul Gladiator)               Turns: 4342, Time: 00:05:28

Health: -4/57      AC: 11    Str: 19      XL:     7   Next: 58%
Magic:  6/6        EV:  8    Int:  3 (4)  God:
Gold:   272        SH:  0    Dex: 10      Spells: 6/6 levels left

rFire    + . .     SeeInvis .   a - +0 war axe
rCold    + + .     Faith    .   (no shield)
rNeg     + + +     Spirit   .   n - +0 chain mail
rPois    ∞         Reflect  .   c - +0 helmet
rElec    .         Harm     .   h - scarf {rC+ rF+}
rCorr    .                      (no gloves)
MR       .....                  p - +0 pair of boots
Stlth    ..........             (no amulet)
HPRegen  0.00/turn              (no ring)
MPRegen  0.10/turn              (no ring)

@: no status effects
A: rotting body, claws 1, cold resistance 1, negative energy resistance 3,
inhibited regeneration, torment resistance, unbreathing
a: no special abilities


You were on level 5 of the Dungeon.
You visited 1 branch of the dungeon, and saw 5 of its levels.

You collected 272 gold pieces.

Inventory:

Hand Weapons
 a - a +0 war axe (weapon)
Missiles
 s - 2 throwing nets (quivered)
Armour
 c - a +0 helmet (worn)
 h - a scarf of resistance (worn)
 n - a +0 chain mail (worn)
 p - a +0 pair of boots (worn)
Scrolls
 b - 2 scrolls of amnesia {unknown}
 g - 2 scrolls of identify {unknown}
 k - 2 scrolls of remove curse {unknown}
 m - a scroll of blinking {unknown}
 q - a scroll of magic mapping {unknown}
 u - a scroll of random uselessness {unknown}
 v - a scroll of fog {unknown}
 w - a scroll of noise {unknown}
 x - a scroll of enchant weapon {unknown}
Potions
 d - a potion of experience {unknown}
 e - 3 potions of heal wounds {unknown}
 f - a potion of stabbing {unknown}
 i - a potion of magic
 j - a potion of berserk rage {unknown}
 l - a potion of flight {unknown}
 o - a potion of resistance {unknown}
 r - a potion of curing {unknown}


   Skills:
 + Level 3.4 Fighting
 + Level 5.6 Axes
 + Level 1.9 Throwing
 * Level 4.3 Armour
 - Level 3.0 Dodging
 + Level 0.2 Stealth


You had 6 spell levels left.
You didn't know any spells.
Your spell library contained the following spells:

 Spells                   Type           Power        Failure   Level
 Sting                    Tmut/Pois      #...         100%        1
 Poisonous Vapours        Pois/Air       #.....       100%        2
 Ignite Poison            Fire/Tmut/Pois #.......     100%        3
 Mephitic Cloud           Conj/Pois/Air  #.......     100%        3
 Olgreb's Toxic Radiance  Pois           #.......     100%        4


Dungeon Overview and Level Annotations

Branches:
Dungeon (5/15)
 Temple: D:4-7

Altars:
Dithmenos
Hepliaklqana
Trog
Uskayaw


Innate Abilities, Weirdness & Mutations

Your body is rotting away.
You thrive by killing the living.
You are immune to poison.
You have sharp fingernails.
Your flesh is cold resistant. (rC+)
You are immune to negative energy. (rN+++)
You do not regenerate when monsters are visible.
You are immune to unholy pain and torment.
You can survive without breathing.


Message History

The bullfrog is severely wounded.
You slash the adder!
The bullfrog hits you but does no damage.
The adder closely misses you. The bullfrog hits you.
The orc throws a throwing net.
The throwing net hits you.
You become entangled in the net!
The adder bites you but does no damage.
You tear a large gash into the net.
The bullfrog hits you. The adder bites you.
The bullfrog hits you but does no damage.
The orc wizard hits you with a +0 dagger.
You shred the net and break free! The adder bites you.
The bullfrog barely misses you.
The ogre hits you with a +0 giant spiked club!
* * * LOW HITPOINT WARNING * * *
The orc wizard casts a spell.
The orc wizard seems to speed up.
The adder bites you but does no damage.
An orc comes into view. It is wielding a +0 whip.
The adder bites you but does no damage.
The bullfrog hits you but does no damage.
The ogre hits you with a +0 giant spiked club!!
You die...

.## .......##...# .#
#o..#....##.# ##.#
.........#.### #..# #.#
#o#.##..#...###..# #.# .
#...............# #.#
...#.#.o.......#...# #.#
.......O..^...!#...####.#
...>..oF@.............#.#
....#..S..........#...#.#
..........####......##..#
....#.....# #...........
##. #....## #...#...>###
.$ ....... #....##..## #
. ....#.#. #....##### #
...##..#. ..####


You could see an ogre, a bullfrog, an orc wizard (fast), an adder and 3 orcs.

Vanquished Creatures
  An ice beast (D:5)
  An ogre (D:4)
  2 orc priests (D:3)
  A hound (D:5)
  A bullfrog skeleton (D:5)
  2 orc wizards (D:3)
  4 worker ants
  5 adders
  A shadow imp (D:5)
  A white imp (D:5)
  An ufetubus (D:5)
  2 oozes
  An adder skeleton (D:5)
  4 worms
  4 dart slugs
  3 leopard geckos
  23 orcs
  4 bats
  7 giant cockroaches
  4 goblins
  6 hobgoblins
  12 jackals
  7 kobolds
  A quokka (D:3)
  3 ball pythons
  3 frilled lizards (D:1)
  6 rats
  A plant (D:5)
111 creatures vanquished.

Notes
Turn   | Place    | Note
-------+----------+-------------------------------------------
     0 | D:1      | Inarius the Ghoul Gladiator began the quest for the Orb.
     0 | D:1      | Reached XP level 1. HP: 17/17 MP: 0/0
   129 | D:1      | Reached XP level 2. HP: 20/24 MP: 1/1
   183 | D:1      | Reached skill level 3 in Axes
   587 | D:1      | Reached XP level 3. HP: 29/29 MP: 2/2
   933 | D:2      | Reached skill level 1 in Armour
  1123 | D:2      | Reached XP level 4. HP: 31/37 MP: 3/3
  1404 | D:2      | Found a shadowy altar of Dithmenos.
  1404 | D:2      | Noticed a shadow
  1413 | D:2      | Found a hazy altar of Hepliaklqana.
  2226 | D:3      | Reached skill level 4 in Axes
  2226 | D:3      | Reached XP level 5. HP: 4/42 MP: 4/4
  2866 | D:3      | Reached XP level 6. HP: 50/50 MP: 5/5
  3309 | D:4      | Reached skill level 5 in Axes
  3777 | D:4      | Reached XP level 7. HP: 50/57 MP: 6/6
  4072 | D:5      | Entered Level 5 of the Dungeon
  4118 | D:4      | Found a bloodstained altar of Trog.
  4118 | D:4      | Found a hide-covered altar of Uskayaw.
  4342 | D:5      | Slain by an ogre

Illustrated notes

Levels and vault maps discovered:
D:1:      onia_arrival_mini_spirals, layout_loops_ring
D:2:      layout_loops_ring, riverfiend_overflow_shadow_ancestor
D:3:      layout_basic
D:4:      layout_loops_cross, nicolae_overflow_hidden_temple
D:5:      layout_rooms, saegor_snake_ambush

Skill      XL: |  1  2  3  4  5  6  7 |
---------------+----------------------+-----
Dodging        | 3 |  3.0
Axes           | 3 4 5 |  5.6
Armour         | 1 2 3 4 |  4.3
Fighting       | 3 |  3.4
Throwing       | |  1.9
Stealth        | |  0.2

Action                   |  1- 3 |  4- 6 |  7- 9 || total
-------------------------+-------+-------+-------++-------
Melee: War axe           |    80 |   223 |    66 ||   369
Throw: Throwing net      |       |     3 |       ||     3
  Use: Potion            |       |     3 |       ||     3
Armor: Leather armour    |    24 |     8 |       ||    32
       Chain mail        |       |   149 |    50 ||   199
Dodge: Dodged            |    54 |   103 |    26 ||   183

Table legend: (Time is in decaauts)
 A = Elapsed time spent in this place.
 B = Non-inter-level travel time spent in this place.
 C = Inter-level travel time spent in this place.
 D = Time resting spent in this place.
 E = Time spent auto-exploring this place.
 F = Levels seen in this place.
 G = Mean time per level.
                   A        B        C        D        E       F      G
               +--------+--------+--------+--------+--------+-----+--------+
         Total |   4462 |   4315 |    147 |    535 |   2800 |   5 |  892.4 |
       Dungeon |   4462 |   4315 |    147 |    535 |   2800 |   5 |  892.4 |
               +--------+--------+--------+--------+--------+-----+--------+

Top non-repeatable levels by time:
     D:3: 1285 daAuts
     D:2: 1156 daAuts
     D:1: 932 daAuts
     D:4: 811 daAuts
     D:5: 277 daAuts
